[Event "Titled Tuesday Blitz May 9 Early 2023"]
[White "Wadsworth, Matthew J"]
[Black "Pranav, V"]
[WhiteFideId "415804"]
[BlackFideId "25060783"]
[WhiteElo "2347"]
[BlackElo "2515"]
[Result "0-1"]
[Round "05"]
[TimeControl "180+2"]
[Date "2023.05.09"]
[WhiteClock "0:00:00"]
[BlackClock "0:00:18"]

1. Nf3 Nf6 2. g3 d5 3. Bg2 c6 4. c4 Bg4 5. Ne5 Bf5 6. cxd5 cxd5 7. Nc3 Nc6 8. Qa4 Bd7 9. Nxd7 Qxd7 10. b4 e6 11. b5 Ne5 12. d3 Bd6 13. Bb2 O-O 14. O-O Rfc8 15. Rad1 h5 16. e4 dxe4 17. dxe4 Nc4 18. Ba1 Qe7 19. Ne2 Be5 20. Bxe5 Nxe5 21. f4 Nc4 22. e5 Ng4 23. Rd4 Nce3 24. Rb1 Rc2 25. Bf3 Qc5 26. Qb4 Qxb4 27. Rbxb4 Rxa2 28. Ra4 Rb2 29. Rdb4 Rd2 30. Rd4 Rd8 31. Rxd8+ Rxd8 32. Bxg4 Rd1+ 33. Kf2 Nxg4+ 34. Kg2 Rd2 35. Kf3 Nxh2+ 36. Ke3 Rb2 37. Rxa7 Rb3+ 38. Kf2 Ng4+ 39. Kg2 Rxb5 40. Nd4 Rb2+ 41. Kg1 Ne3 42. Nf3 Kh7 43. Ng5+ Kg6 44. Ra3 Nd5 45. Ra7 h4 46. gxh4 Nxf4 47. Ra8 Nd3 48. Rf8 Nxe5 49. Rb8 b5 50. Ne4 Nf3+ 51. Kf1 b4 52. Nd6 b3 53. Rb4 f5 54. Nc4 Nd2+ 55. Kf2 Nxc4+ 0-1


[Site "https://www.chess.com"]

[Event "Titled Tuesday Blitz May 9 Early 2023"]
[White "Guerra Tulcan, Lenin"]
[Black "Chigaev, Maksim"]
[WhiteFideId "3601382"]
[BlackFideId "4108116"]
[WhiteElo "2368"]
[BlackElo "2558"]
[Result "1/2-1/2"]
[Round "05"]
[TimeControl "180+2"]
[Date "2023.05.09"]
[WhiteClock "0:00:20"]
[BlackClock "0:00:10"]

1. e4 e6 2. d4 d5 3. Nd2 c5 4. exd5 Qxd5 5. Ngf3 cxd4 6. Bc4 Qd7 7. O-O Nc6 8. Nb3 Nf6 9. Nbxd4 Nxd4 10. Qxd4 Qxd4 11. Nxd4 a6 12. c3 b5 13. Bb3 Bb7 14. a4 b4 15. a5 Bd6 16. Ba4+ Ke7 17. Bc6 Bxc6 18. Nxc6+ Kd7 19. Nxb4 Bxb4 20. cxb4 Rab8 21. Bd2 Nd5 22. Bc3 f6 23. Rfd1 Rhc8 24. Rac1 Rb5 25. g3 e5 26. Rc2 Ke6 27. Rcd2 Rc6 28. Kg2 g5 29. Rd3 h5 30. Be1 g4 31. h3 Nxb4 32. Rd8 Nd5 33. Re8+ Kf5 34. Rh8 Kg6 35. hxg4 hxg4 36. Rd8 Nc7 37. R8d6 Rxd6 38. Rxd6 Rxb2 39. Rc6 Nd5 40. Rxa6 Re2 41. Kf1 Ra2 42. Rd6 Ne7 43. Bc3 Kf5 44. a6 Nc8 45. Rc6 Ne7 46. Rd6 Ng6 47. Bd2 Nf8 48. Be3 Ne6 49. a7 Nd4 50. Bxd4 exd4 51. Rxd4 Rxa7 52. Rf4+ Kg5 53. Kg2 f5 54. Rd4 Ra2 55. Rf4 Re2 56. Rc4 Re1 57. Rf4 Re4 58. Rxe4 fxe4 59. Kf1 Kf6 60. Ke2 Ke6 61. Ke1 Kd5 62. Ke2 Ke6 63. Ke1 Ke7 64. Kd1 Kd7 65. Ke1 Ke7 66. Ke2 Ke6 1/2-1/2


[Site "https://www.chess.com"]

[Event "Titled Tuesday Blitz May 9 Early 2023"]
[White "Aggelis, Nikolaos"]
[Black "Gharibyan, Mamikon"]
[WhiteFideId "4213220"]
[BlackFideId "13308300"]
[WhiteElo "2189"]
[BlackElo "2445"]
[Result "1/2-1/2"]
[Round "05"]
[TimeControl "180+2"]
[Date "2023.05.09"]
[WhiteClock "0:00:34"]
[BlackClock "0:00:05"]

1. c4 g6 2. g3 Bg7 3. Bg2 Nf6 4. Nf3 O-O 5. O-O d6 6. b3 Ne4 7. d4 c5 8. Bb2 Nc6 9. Nbd2 Bf5 10. Nh4 Nxd2 11. Nxf5 gxf5 12. Qxd2 Nxd4 13. Bxb7 Rb8 14. Bg2 a5 15. e3 Ne6 16. Bxg7 Nxg7 17. Rab1 Kh8 18. Qd3 Qc7 19. Bh3 e6 20. Rfd1 Rfd8 21. e4 fxe4 22. Qxe4 Kg8 23. Rd3 a4 24. Rbd1 axb3 25. axb3 Rb6 26. Qf4 Qe7 27. Bg2 e5 28. Qg4 h5 29. Qh3 e4 30. Re3 f5 31. f3 Qg5 32. Rde1 Rdb8 33. fxe4 R6b7 34. exf5 Rxb3 35. Bd5+ Kh7 36. Rxb3 Rxb3 37. Qf1 Qf6 38. Qf2 Rb2 39. Re2 Rxe2 40. Qxe2 Kh6 41. Be6 Qd4+ 42. Qf2 Qe5 43. Bd7 Kg5 44. h4+ Kf6 45. Kg2 Ke7 46. Bc8 Kf6 47. Qd2 Qe4+ 48. Kh2 Nxf5 49. Bxf5 Kxf5 50. Qg5+ Ke6 51. Qxh5 Qxc4 52. Qe8+ Kf5 53. Qf8+ Ke5 54. Qe7+ Kf5 55. Qxd6 Qe2+ 56. Kg1 Qe1+ 57. Kg2 Qe2+ 58. Kh3 Qf1+ 59. Kh2 Qe2+ 60. Kg1 Qe1+ 61. Kg2 Qe2+ 62. Kg1 1/2-1/2


[Site "https://www.chess.com"]

[Event "Titled Tuesday Blitz May 9 Early 2023"]
[White "Remizov, Yaroslav"]
[Black "Yaniuk, Volodymyr"]
[WhiteFideId "34134015"]
[BlackFideId "14133083"]
[WhiteElo "2400"]
[BlackElo "2141"]
[Result "1-0"]
[Round "05"]
[TimeControl "180+2"]
[Date "2023.05.09"]
[WhiteClock "0:01:04"]
[BlackClock "0:00:06"]

1. e4 e5 2. Nf3 Nc6 3. Nc3 Nf6 4. Be2 Bb4 5. Nd5 Be7 6. d3 d6 7. Nxe7 Qxe7 8. Bg5 h6 9. Bh4 Bg4 10. O-O Bxf3 11. Bxf3 Nd4 12. c3 Ne6 13. d4 g5 14. Bg3 Nf4 15. Qb3 c6 16. Rfe1 O-O 17. Rad1 Rfd8 18. h3 Kg7 19. a4 b6 20. a5 b5 21. d5 cxd5 22. exd5 a6 23. Bxf4 gxf4 24. Kh2 Rac8 25. Qc2 Qc7 26. Rg1 b4 27. g3 fxg3+ 28. Rxg3+ Kf8 29. Qf5 Ke7 30. Rg7 Qd7 31. Qg6 Rf8 32. cxb4 Rc4 33. Rd3 Rxb4 34. b3 e4 35. Re3 Nxd5 36. Rxe4+ Rxe4 37. Qxe4+ Qe6 38. Qxd5 Qxd5 39. Bxd5 Kf6 40. Rg3 Ke5 41. Rd3 Rb8 42. Bxf7 Rb5 43. Bc4 Rxa5 44. Re3+ Kf4 45. Re6 d5 46. Rxa6 Rc5 47. Bf1 Rc2 48. Kg2 d4 49. Rxh6 Rb2 50. Rd6 Ke5 51. Rd8 Rxb3 52. h4 Rb6 53. h5 Rf6 54. Bd3 Rf4 55. Kg3 Rf6 56. f4+ Ke6 57. Rxd4 Kf7 58. Kg4 Kg7 59. Kg5 Rf7 60. f5 Ra7 61. h6+ Kf7 62. Bc4+ Ke7 63. h7 Ra8 64. Kg6 Ra6+ 65. Be6 1-0


[Site "https://www.chess.com"]

[Event "Titled Tuesday Blitz May 9 Early 2023"]
[White "Morefield, Jason"]
[Black "Ismagilov, Damir"]
[WhiteFideId "30920825"]
[BlackFideId "34199982"]
[WhiteElo "2171"]
[BlackElo "2143"]
[Result "0-1"]
[Round "05"]
[TimeControl "180+2"]
[Date "2023.05.09"]
[WhiteClock "0:00:00"]
[BlackClock "0:00:05"]

1. d4 Nf6 2. c4 e6 3. Nf3 d5 4. Nc3 Bb4 5. cxd5 exd5 6. Bg5 h6 7. Bh4 O-O 8. Qb3 c5 9. dxc5 Nc6 10. e3 g5 11. Bg3 Ne4 12. Be2 Be6 13. Nd4 Nxc5 14. Qc2 Nxd4 15. exd4 Ne4 16. O-O Rc8 17. Qb3 Bxc3 18. bxc3 Nd2 19. Qxb7 Nxf1 20. Bxf1 Rxc3 21. Qxa7 Qf6 22. Be5 Qf5 23. a4 Rc2 24. Bg3 h5 25. h4 Qg4 26. Qe7 gxh4 27. Bxh4 Qxd4 28. Ra3 Rfc8 29. Rg3+ Bg4 30. Re3 Rc1 31. Bf6 Qd1 32. Qe5 Qxf1+ 33. Kh2 Kh7 34. Qg5 Qg1+ 0-1


[Site "https://www.chess.com"]

[Event "Titled Tuesday Blitz May 9 Early 2023"]
[White "Molina, Roberto Junio Brito"]
[Black "Maurizzi, Marc`Andria"]
[WhiteFideId "2109450"]
[BlackFideId "36083534"]
[WhiteElo "2376"]
[BlackElo "2421"]
[Result "1-0"]
[Round "05"]
[TimeControl "180+2"]
[Date "2023.05.09"]
[WhiteClock "0:00:06"]
[BlackClock "0:00:00"]

1. d4 Nf6 2. e3 g6 3. Nf3 Bg7 4. b3 O-O 5. Bb2 c5 6. dxc5 Qa5+ 7. Nbd2 Qxc5 8. a3 d6 9. b4 Qc7 10. c4 b6 11. Rc1 Nbd7 12. Be2 a5 13. O-O axb4 14. axb4 e5 15. Qb3 Bb7 16. Rfd1 Rfc8 17. h3 h6 18. Ra1 Bc6 19. Rdc1 Qb7 20. Ne1 b5 21. cxb5 Bxb5 22. Rxa8 Rxa8 23. Bf3 d5 24. Ra1 Rxa1 25. Bxa1 h5 26. Bb2 Bh6 27. Nc2 Bf8 28. Bc3 Qc6 29. Qb2 Bd6 30. Nb3 Qc7 31. Na3 Ba4 32. Be2 h4 33. Nb5 Bxb5 34. Bxb5 Nb6 35. Nc5 Nc4 36. Bxc4 dxc4 37. Na6 Qb7 38. b5 Ne4 39. Bxe5 c3 40. Bxc3 Nxc3 41. Qxc3 Qxb5 42. Qc8+ Kh7 43. g3 hxg3 44. fxg3 Qg5 45. Kf2 Qxg3+ 46. Ke2 Qg2+ 47. Kd3 Qd5+ 48. Ke2 Be5 49. h4 f5 50. Nc5 Qc4+ 51. Kf3 Qg4+ 52. Kf2 Qxh4+ 53. Ke2 Qc4+ 54. Kf3 Bg7 55. Qc7 g5 56. Kf2 g4 57. Qh2+ Kg6 58. Qd6+ Kh7 59. Ne6 Qc2+ 60. Kf1 Qe4 61. Ng5+ 1-0


[Site "https://www.chess.com"]

[Event "Titled Tuesday Blitz May 9 Early 2023"]
[White "Yuan, Qingyu"]
[Black "Reprintsev, Alexander"]
[WhiteFideId "8609772"]
[BlackFideId "14100541"]
[WhiteElo "2359"]
[BlackElo "2218"]
[Result "1-0"]
[Round "05"]
[TimeControl "180+2"]
[Date "2023.05.09"]
[WhiteClock "0:00:16"]
[BlackClock "0:00:04"]

1. c4 e5 2. Nc3 Bb4 3. Nd5 Be7 4. g3 Nf6 5. Bg2 c6 6. Nxe7 Qxe7 7. d3 d5 8. Nf3 h6 9. O-O O-O 10. cxd5 cxd5 11. d4 e4 12. Ne5 Nc6 13. Bf4 Be6 14. Rc1 Rfc8 15. Nxc6 Rxc6 16. Rxc6 bxc6 17. Qa4 Qb7 18. b3 Rc8 19. Rc1 Nd7 20. Bf1 g5 21. Bd6 e3 22. f3 Nb6 23. Qa5 Bd7 24. Rc3 Re8 25. Be5 Nc8 26. g4 Qb6 27. Qa3 Re6 28. Rc5 f6 29. Bg3 Kf7 30. Qc1 Be8 31. Qc2 Kg7 32. h4 Bg6 33. Qc1 Ne7 34. Qc3 h5 35. hxg5 fxg5 36. gxh5 Bxh5 37. Be5+ Kf7 38. Bh3 g4 39. fxg4 Rg6 40. Qxe3 Bxg4 41. Qf4+ Bf5+ 42. Kf2 Ke6 43. Bg2 Qa6 44. Bf3 Qxa2 45. Bd6 Kd7 46. Bxe7 Kxe7 47. Qxf5 Re6 48. Qg5+ Kf8 49. Qd8+ Kg7 50. Qd7+ Kf6 51. Rxc6 1-0


[Site "https://www.chess.com"]

[Event "Titled Tuesday Blitz May 9 Early 2023"]
[White "Danielyan, Vahe"]
[Black "Papasimakopoulos, Alexandros"]
[WhiteFideId "13304828"]
[BlackFideId "4244125"]
[WhiteElo "2423"]
[BlackElo "2359"]
[Result "1-0"]
[Round "05"]
[TimeControl "180+2"]
[Date "2023.05.09"]
[WhiteClock "0:00:08"]
[BlackClock "0:00:03"]

1. e4 e6 2. d4 d5 3. Nc3 Bb4 4. e5 c5 5. a3 Bxc3+ 6. bxc3 Nc6 7. a4 Qa5 8. Bd2 Nge7 9. Nf3 Bd7 10. Bd3 c4 11. Be2 f6 12. exf6 gxf6 13. O-O O-O-O 14. Qb1 e5 15. Qb5 Qc7 16. Qc5 b6 17. Qa3 Bg4 18. dxe5 fxe5 19. a5 Nxa5 20. Bg5 Rde8 21. Bf6 Bxf3 22. Bxf3 e4 23. Bg4+ Kb7 24. Rfb1 Nac6 25. Be6 Rhf8 26. Bxe7 Qxe7 27. Qa6+ Kb8 28. Bxd5 Rf6 29. Qxc4 Rc8 30. Qa6 Qc7 31. c4 Qe7 32. Re1 Nd4 33. Rxe4 Qc5 34. Qxa7# 1-0


[Site "https://www.chess.com"]

[Event "Titled Tuesday Blitz May 9 Early 2023"]
[White "Goltsev, Dmitry"]
[Black "Garv Gaur"]
[WhiteFideId "24176710"]
[BlackFideId "45030839"]
[WhiteElo "2356"]
[BlackElo "2068"]
[Result "0-1"]
[Round "05"]
[TimeControl "180+2"]
[Date "2023.05.09"]
[WhiteClock "0:00:06"]
[BlackClock "0:00:14"]

1. e4 g6 2. h4 h5 3. d4 Bg7 4. c3 c6 5. Ne2 d5 6. e5 c5 7. Nf4 cxd4 8. cxd4 Nc6 9. Nc3 Bf5 10. Nfxd5 e6 11. Bg5 Qa5 12. Ne3 Nh6 13. Qd2 O-O 14. Nb5 Qxd2+ 15. Kxd2 a6 16. Nd6 Nxd4 17. Be7 Rfb8 18. f4 Ng4 19. Nxg4 Bxg4 20. Rc1 Nf5 21. Nxf5 Bxf5 22. Bd3 Rc8 23. Bxf5 gxf5 24. Rh3 Bh6 25. Bg5 Bf8 26. Rhc3 Bb4 27. a3 Bxc3+ 28. bxc3 Rc4 29. Kc2 Rac8 30. Kb3 b5 31. g3 a5 32. Be7 Re4 33. Rc2 Re3 34. Rc1 Rc4 35. Kb2 Rxg3 36. Rd1 Rc8 37. Bf6 Kh7 38. Rd7 Kg6 39. Rd1 a4 40. Rc1 Rc4 41. Rd1 Rg2+ 42. Kb1 Rc8 43. Rd3 Rg4 44. Rf3 Kh7 45. Rd3 Rxf4 46. Rd7 Kg6 47. Rd3 Rg4 48. Kc2 f4 49. Rf3 Kf5 50. Kd3 Rg3 51. Ke2 Rxf3 52. Kxf3 Rxc3+ 53. Ke2 Ke4 54. Kd2 Rxa3 55. Be7 Rh3 56. Ke2 f3+ 57. Kf2 Rh2+ 58. Kg3 Rg2+ 59. Kh3 Rg4 60. Bc5 a3 61. Bxa3 f2 62. Kh2 f1=Q 63. Bc1 Qg2# 0-1


[Site "https://www.chess.com"]

[Event "Titled Tuesday Blitz May 9 Early 2023"]
[White "Prohaszka, Peter"]
[Black "Kokoszczynski, Jan"]
[WhiteFideId "726265"]
[BlackFideId "1174460"]
[WhiteElo "2626"]
[BlackElo "2139"]
[Result "1-0"]
[Round "05"]
[TimeControl "180+2"]
[Date "2023.05.09"]
[WhiteClock "0:00:25"]
[BlackClock "0:00:01"]

1. d4 d5 2. c3 Nf6 3. Nf3 e6 4. Bg5 c5 5. Nbd2 cxd4 6. cxd4 Nc6 7. e3 Be7 8. Bd3 O-O 9. O-O h6 10. Bh4 a6 11. Rc1 Bd7 12. Ne5 Nxe5 13. dxe5 Ne8 14. Bxe7 Qxe7 15. Qb3 Bc6 16. Nf3 Qd7 17. Bb1 g6 18. Nd4 Ng7 19. Rc5 Rfc8 20. Rfc1 Rc7 21. Qb6 Rac8 22. b4 Ne8 23. Bd3 Ba4 24. h4 Rxc5 25. bxc5 Bc6 26. Rb1 Nc7 27. Nxc6 bxc6 28. a4 d4 29. e4 h5 30. g3 Kg7 31. Qa7 Qe8 32. Rb7 Qd8 33. Qb6 Kg8 34. Ra7 Qd7 35. Kg2 Ne8 36. Rxd7 1-0


[Site "https://www.chess.com"]

[Event "Titled Tuesday Blitz May 9 Early 2023"]
[White "ArtemDyachuk"]
[Black "Hua, Lefong"]
[BlackFideId "2602253"]
[WhiteElo "2547"]
[BlackElo "2701"]
[Result "0-1"]
[Round "05"]
[TimeControl "180+2"]
[Date "2023.05.09"]
[WhiteClock "0:00:00"]
[BlackClock "0:00:12"]

1. Nf3 Nf6 2. b3 g6 3. Bb2 Bg7 4. e3 O-O 5. d4 c5 6. Be2 d6 7. O-O Nc6 8. c4 Ne4 9. Qc2 Bf5 10. Nh4 cxd4 11. Nxf5 gxf5 12. Na3 d3 13. Bxd3 Nb4 14. Qe2 Bxb2 15. Bxe4 Bxa3 16. Bxf5 e6 17. Be4 Qe7 18. Rad1 f5 19. Bb1 Rad8 20. Kh1 d5 21. g4 Kh8 22. f4 Qc5 23. g5 dxc4 24. Qh5 Qe7 25. bxc4 Bb2 26. g6 Bf6 27. c5 Nd5 28. e4 Ne3 29. Rxd8 Rxd8 30. e5 Bxe5 31. Re1 Bxf4 32. Rg1 Be5 33. a3 Nd5 0-1


[Site "https://www.chess.com"]

[Event "Titled Tuesday Blitz May 9 Early 2023"]
[White "Kucuksari, Kaan"]
[Black "Moore, Nicholas"]
[WhiteFideId "6380166"]
[BlackFideId "4303709"]
[WhiteElo "2364"]
[BlackElo "2530"]
[Result "1-0"]
[Round "05"]
[TimeControl "180+2"]
[Date "2023.05.09"]
[WhiteClock "0:00:17"]
[BlackClock "0:00:14"]

1. e4 c5 2. Nf3 e6 3. d4 cxd4 4. Nxd4 Nc6 5. Nc3 Qc7 6. Be2 a6 7. O-O Nf6 8. Be3 Bb4 9. f3 O-O 10. Kh1 Bxc3 11. bxc3 d5 12. Bg5 Qe5 13. f4 Qc7 14. Bxf6 gxf6 15. Nxc6 bxc6 16. Rf3 Kh8 17. exd5 cxd5 18. Bd3 f5 19. Qd2 Qe7 20. Rg3 Qf6 21. Rb1 Bd7 22. Re3 Bb5 23. Ree1 Rfc8 24. Rb3 Bc4 25. Rb2 Bxd3 26. cxd3 Qxc3 27. Qe2 Rab8 28. Rd2 Qd4 29. h3 Qxf4 30. d4 Rc3 31. Rf1 Qd6 32. Rb2 Rg8 33. Rb7 Rcg3 34. Rf2 Qa3 35. Qe5+ R3g7 36. Rxf7 Qg3 37. Rxg7 Qxg7 38. Qxe6 Qxd4 39. Qxf5 Qa1+ 40. Kh2 Qg7 41. Qf4 d4 42. Rd2 Rd8 43. Rd3 Kg8 44. Rg3 d3 45. Rxg7+ Kxg7 46. Qg5+ 1-0


[Site "https://www.chess.com"]

[Event "Titled Tuesday Blitz May 9 Early 2023"]
[White "De Silva, L M S T"]
[Black "Mrudul Dehankar"]
[WhiteFideId "9953698"]
[BlackFideId "25096990"]
[WhiteElo "2395"]
[BlackElo "2139"]
[Result "1-0"]
[Round "05"]
[TimeControl "180+2"]
[Date "2023.05.09"]
[WhiteClock "0:00:42"]
[BlackClock "0:00:00"]

1. c4 e5 2. Nc3 Nf6 3. Nf3 Nc6 4. e4 Bc5 5. Nxe5 Nxe5 6. d4 Bb4 7. dxe5 Nxe4 8. Qf3 Nxc3 9. bxc3 Bc5 10. Qg3 Rg8 11. Bd3 g6 12. h4 Qe7 13. Bg5 Qe6 14. O-O Be7 15. f4 d5 16. f5 gxf5 17. Bxf5 Qb6+ 18. Kh2 h6 19. Bxc8 Rxc8 20. Qf3 Qg6 21. Bxe7 Kxe7 22. cxd5 Kf8 23. e6 Rg7 24. Rae1 Kg8 25. e7 Re8 26. Re3 Qd6+ 27. Qf4 Rg6 28. c4 Qxf4+ 29. Rxf4 Kg7 30. c5 Kg8 31. Rd4 Kg7 32. d6 Kf6 33. d7 1-0


[Site "https://www.chess.com"]

[Event "Titled Tuesday Blitz May 9 Early 2023"]
[White "Staudenhocker43"]
[Black "bubeliang"]
[WhiteElo "2504"]
[BlackElo "2656"]
[Result "1-0"]
[Round "05"]
[TimeControl "180+2"]
[Date "2023.05.09"]
[WhiteClock "0:00:12"]
[BlackClock "0:00:01"]

1. c4 Nf6 2. Nc3 g6 3. e4 d6 4. d4 Bg7 5. f3 O-O 6. Be3 Nc6 7. Nge2 e5 8. d5 Ne7 9. Qd2 Ne8 10. g4 f5 11. g5 a5 12. h4 b6 13. Nc1 f4 14. Bf2 h5 15. Nd3 Bb7 16. Bh3 Bc8 17. Bf1 Bd7 18. O-O-O c5 19. Bh3 Bxh3 20. Rxh3 Qd7 21. Rhh1 a4 22. Ne1 Nc7 23. Qd3 Rfb8 24. Nc2 b5 25. cxb5 Nxb5 26. Nxb5 Rxb5 27. Be1 Rab8 28. Bc3 Nc8 29. Na3 R5b7 30. Nc4 Qb5 31. Rh2 Ra8 32. Rc2 Bf8 33. Na3 Qb6 34. Qc4 Qd8 35. Qf1 Qd7 36. Nc4 Qb5 37. Kb1 Be7 38. Ka1 Nb6 39. Na5 Rxa5 40. Bxa5 Qxa5 41. Qh3 a3 42. Qe6+ Kg7 43. bxa3 Qxa3 44. Rb1 Qa6 45. Rcb2 Ra7 46. Rc2 Nc4 47. Rb8 Bf8 48. Qf6+ Kh7 49. Qxf8 1-0


[Site "https://www.chess.com"]

[Event "Titled Tuesday Blitz May 9 Early 2023"]
[White "Koellner, Ruben Gideon"]
[Black "Salman, Pavel"]
[WhiteFideId "12993093"]
[BlackFideId "24153753"]
[WhiteElo "2314"]
[BlackElo "2187"]
[Result "0-1"]
[Round "05"]
[TimeControl "180+2"]
[Date "2023.05.09"]
[WhiteClock "0:00:00"]
[BlackClock "0:00:07"]

1. d4 Nf6 2. Nf3 g6 3. Nbd2 d5 4. e3 Bg7 5. b4 O-O 6. c4 c6 7. a4 Nbd7 8. Bb2 Re8 9. Be2 Ne4 10. Nxe4 dxe4 11. Nd2 e5 12. d5 cxd5 13. cxd5 Nf6 14. O-O Qxd5 15. Bc4 Qd6 16. Qb3 Be6 17. Rfd1 Qe7 18. b5 Rac8 19. Rac1 Bxc4 20. Nxc4 Qe6 21. Rd6 Qf5 22. Rd2 Red8 23. Rxd8+ Rxd8 24. h3 Qe6 25. Bxe5 Rd3 26. Qb2 Ne8 27. Bxg7 Nxg7 28. Na5 Nf5 29. Nxb7 Qd7 30. Nc5 Rd1+ 31. Kh2 Qd6+ 32. g3 Rd2 33. Nxe4 Rxb2 34. Nxd6 Nxd6 35. Rc7 Rxf2+ 36. Kg1 Ra2 37. Rxa7 Nxb5 38. Ra8+ Kg7 39. a5 Nc3 40. g4 Ne2+ 41. Kf1 Nc3 42. a6 Ne4 43. Ke1 h5 44. gxh5 gxh5 45. a7 Nf6 46. Kd1 h4 47. Kc1 Ra6 48. Kb2 Nd7 49. Kb3 Kf6 50. Kb4 Ra1 0-1


[Site "https://www.chess.com"]

[Event "Titled Tuesday Blitz May 9 Early 2023"]
[White "Smith, Shreyas"]
[Black "Seemann, Jakub"]
[WhiteFideId "7400713"]
[BlackFideId "21874697"]
[WhiteElo "2151"]
[BlackElo "2364"]
[Result "0-1"]
[Round "05"]
[TimeControl "180+2"]
[Date "2023.05.09"]
[WhiteClock "0:00:14"]
[BlackClock "0:00:20"]

1. e4 e5 2. Nf3 Nc6 3. Bb5 a6 4. Ba4 Nf6 5. d3 b5 6. Bb3 Be7 7. a4 Bb7 8. O-O O-O 9. Nc3 b4 10. Nd5 d6 11. a5 Nxd5 12. Bxd5 Rb8 13. Be3 Kh8 14. c3 bxc3 15. bxc3 Qd7 16. Qa4 Ba8 17. Rab1 Rbd8 18. Qa2 f5 19. Be6 Qe8 20. exf5 Qh5 21. d4 exd4 22. cxd4 Rde8 23. d5 Nd8 24. Nd4 Nxe6 25. dxe6 c5 26. Nc2 Qxf5 27. Rbd1 Rf6 28. Ne1 Rxe6 29. Qc2 Qf7 30. Qa4 Rg6 31. g3 Rf8 32. f3 d5 33. Qd7 d4 34. Bf2 Bc6 35. Qh3 Bb5 36. Nd3 Bd6 37. f4 Qd5 38. Qg2 Qxg2+ 39. Kxg2 Re6 40. Rfe1 Rfe8 41. Rxe6 Rxe6 42. Re1 Rxe1 43. Nxe1 Bc7 44. Nc2 Bxa5 45. Na3 Bc6+ 46. Kf1 Bc3 47. Nc4 Bb5 48. Ke2 Bxc4+ 49. Kf3 a5 50. Kg4 a4 51. Kf5 a3 52. Ke5 a2 53. Kd6 a1=Q 54. Kxc5 Be2 0-1


[Site "https://www.chess.com"]

[Event "Titled Tuesday Blitz May 9 Early 2023"]
[White "Korelskiy, Egor"]
[Black "Sethuraman, S.P."]
[WhiteFideId "34329064"]
[BlackFideId "5021596"]
[WhiteElo "2156"]
[BlackElo "2543"]
[Result "0-1"]
[Round "05"]
[TimeControl "180+2"]
[Date "2023.05.09"]
[WhiteClock "0:01:05"]
[BlackClock "0:01:46"]

1. e4 c5 2. Nf3 Nc6 3. Bb5 g6 4. O-O Bg7 5. c3 a6 6. Ba4 Nf6 7. Bc2 d6 8. d4 cxd4 9. cxd4 Bg4 10. Be3 Nd7 11. Nc3 Bxf3 12. gxf3 O-O 13. d5 Nce5 14. Bd4 Nxf3+ 15. Qxf3 Bxd4 16. Rfd1 Bg7 17. Bb3 Rc8 18. Rac1 Qb6 19. Na4 Qa5 20. Qe2 b5 21. Nc3 Bxc3 22. bxc3 Rxc3 23. Qd2 Rfc8 24. Kg2 Qc7 25. Rxc3 Qxc3 26. Qf4 Ne5 27. Rd2 Qb4 28. Qe3 Rc3 29. Qe1 Nf3 0-1


[Site "https://www.chess.com"]

[Event "Titled Tuesday Blitz May 9 Early 2023"]
[White "Sowul, Bartosz"]
[Black "Cherniaiev, Tykhon"]
[WhiteFideId "1137590"]
[BlackFideId "14182360"]
[WhiteElo "2188"]
[BlackElo "2450"]
[Result "0-1"]
[Round "05"]
[TimeControl "180+2"]
[Date "2023.05.09"]
[WhiteClock "0:00:27"]
[BlackClock "0:00:20"]

1. e4 e5 2. Nf3 Nc6 3. Bb5 Nge7 4. d4 exd4 5. Nxd4 Nxd4 6. Qxd4 c6 7. Bc4 Qb6 8. Qd1 Qb4+ 9. Nd2 d5 10. exd5 cxd5 11. c3 Qb6 12. Bb3 g6 13. O-O Bg7 14. Re1 Be6 15. Nf3 O-O 16. Be3 Qd6 17. Bd4 Nc6 18. Bxg7 Kxg7 19. Nd4 a6 20. Qd2 Rae8 21. h3 Bd7 22. Rad1 Rxe1+ 23. Rxe1 Re8 24. Rxe8 Bxe8 25. Nf3 Ne7 26. Qd4+ Qf6 27. Ne5 Nc6 28. Nxc6 Bxc6 29. Qe3 Qf5 30. Qd4+ Kg8 31. Qd2 h5 32. Bc2 Qe5 33. Qd4 Qe1+ 34. Kh2 Qc1 35. Bb3 Qxb2 36. Bxd5 Bxd5 37. Qxd5 Qxf2 38. Qxb7 Qxa2 39. Qc8+ Kg7 40. Qc5 Qe6 41. c4 Kf6 42. Qd4+ Qe5+ 43. Qxe5+ Kxe5 44. Kg3 Kd4 45. Kf4 a5 46. c5 Kxc5 47. Ke3 a4 48. Kd3 Kd5 49. Kc3 Ke4 50. Kb4 Kf4 51. Kxa4 Kg3 52. Kb5 Kxg2 53. Kc5 Kxh3 54. Kd5 Kg4 55. Ke5 h4 56. Ke4 h3 57. Ke3 h2 58. Kf2 h1=Q 59. Ke2 Qf3+ 60. Kd2 Kf4 61. Kc2 g5 0-1


[Site "https://www.chess.com"]

[Event "Titled Tuesday Blitz May 9 Early 2023"]
[White "WindWhistler11"]
[Black "Starozhilov, Leonid"]
[BlackFideId "14106752"]
[WhiteElo "2474"]
[BlackElo "2352"]
[Result "0-1"]
[Round "05"]
[TimeControl "180+2"]
[Date "2023.05.09"]
[WhiteClock "0:00:00"]
[BlackClock "0:00:53"]

1. Nf3 Nf6 2. g3 g6 3. c4 Bg7 4. Bg2 O-O 5. O-O d6 6. d3 c6 7. Qc2 a6 8. b3 Bg4 9. h3 Bxf3 10. Bxf3 Nbd7 11. Bb2 e6 12. Bg2 d5 13. Nd2 Ne8 14. d4 f5 15. Rad1 Nef6 16. Nf3 Ne4 17. Ne5 Nxe5 18. dxe5 Qa5 19. Kh2 Rad8 20. f3 Ng5 21. h4 Nf7 22. f4 h5 23. Bc3 Qb6 24. cxd5 cxd5 25. Qd2 Rc8 26. Ba5 Qb5 27. Rc1 Nh6 28. Bf3 Rfe8 29. Bc7 Bf8 30. Rc2 Bb4 31. Qd3 Qxd3 32. exd3 Ba3 33. d4 Re7 0-1


[Site "https://www.chess.com"]

[Event "Titled Tuesday Blitz May 9 Early 2023"]
[White "Arat, Ufuk Sezen"]
[Black "Perez Gormaz, Matias"]
[WhiteFideId "6309089"]
[BlackFideId "3406342"]
[WhiteElo "2289"]
[BlackElo "2362"]
[Result "1/2-1/2"]
[Round "05"]
[TimeControl "180+2"]
[Date "2023.05.09"]
[WhiteClock "0:00:11"]
[BlackClock "0:00:05"]

1. e4 e5 2. Nf3 Nc6 3. c4 Bc5 4. Nc3 d6 5. h3 a6 6. d3 Nge7 7. Be3 O-O 8. Qd2 f5 9. Bxc5 dxc5 10. Be2 Qd6 11. Nd5 Bd7 12. O-O f4 13. Kh2 h6 14. b4 cxb4 15. Nxe7+ Qxe7 16. d4 exd4 17. Nxd4 Ne5 18. Nf3 Bc6 19. Qb2 Nxf3+ 20. Bxf3 Rad8 21. Rfe1 Qc5 22. Rad1 a5 23. Rxd8 Rxd8 24. Qe2 Qe5 25. Rd1 Rd6 26. Rd3 a4 27. c5 Rxd3 28. Qxd3 Kh7 29. Qc4 Qc3 30. Qf7 Qe5 31. Qc4 b3 32. axb3 axb3 33. Qxb3 Qxc5 34. Qf7 Qe5 35. h4 Bxe4 36. Bxe4+ Qxe4 37. Qxc7 b5 38. Qb6 b4 39. h5 Qf5 40. Qxb4 Qxh5+ 41. Kg1 Qd1+ 42. Kh2 Qh5+ 43. Kg1 Qg5 44. Qe4+ Kh8 45. Qe8+ Kh7 46. Qe4+ Kg8 47. Qe8+ Kh7 48. Qe4+ 1/2-1/2


[Site "https://www.chess.com"]

[Event "Titled Tuesday Blitz May 9 Early 2023"]
[White "Mitusov, Semen"]
[Black "Bettalli, Francesco"]
[WhiteFideId "14151049"]
[BlackFideId "2816453"]
[WhiteElo "2389"]
[BlackElo "2216"]
[Result "1/2-1/2"]
[Round "05"]
[TimeControl "180+2"]
[Date "2023.05.09"]
[WhiteClock "0:00:22"]
[BlackClock "0:00:28"]

1. e4 e5 2. Nf3 Nf6 3. Nc3 Bc5 4. Nxe5 Nc6 5. Nf3 O-O 6. d4 Bb4 7. Bd3 d5 8. e5 Ne4 9. Bd2 Bxc3 10. bxc3 Bg4 11. h3 Bxf3 12. gxf3 Nxd2 13. Qxd2 f6 14. f4 fxe5 15. fxe5 Qh4 16. Qe3 Rf4 17. Qg3 Qh6 18. Rg1 Raf8 19. Qg5 Qxg5 20. Rxg5 Rxf2 21. O-O-O g6 22. h4 Ne7 23. h5 h6 24. Rg3 g5 25. c4 c6 26. cxd5 cxd5 27. Kb2 Kg7 28. Rh3 R8f4 29. Kc3 Nc6 30. Bb5 g4 31. Rg3 R2f3+ 32. Rxf3 Rxf3+ 33. Kb2 Kf7 34. c3 Rf2+ 35. Ka3 g3 36. Rg1 g2 37. Bxc6 bxc6 38. Kb4 Rxa2 39. Kc5 Rc2 40. Kd6 Re2 41. Rb1 a5 42. Kxc6 Ke6 43. Kc5 Rc2 44. Rb6+ Kf5 45. Rg6 a4 46. Kb4 a3 47. Kxa3 Rxc3+ 48. Kb2 Rc4 49. Rxg2 Rxd4 50. Rg6 Kxe5 51. Rxh6 Rh4 52. Rh8 Kd4 53. Kc2 Rh2+ 54. Kc1 Kc3 55. Kd1 d4 56. h6 Rh1+ 57. Ke2 d3+ 58. Ke3 d2 59. Rc8+ Kb4 60. Kxd2 Rxh6 61. Rb8+ 1/2-1/2


[Site "https://www.chess.com"]